TOP OF THE 1ST |
Lakewood BlueClaws batting - Pitching for Peoria Chiefs : RHP Jose Rico
|
Pitching: RHP Jose Rico
|
|
Batting: LHB Matt Urbanek
|
0-0: Fly out, F8 (Flyball, 78D, EV 75.0 MPH)
|
Batting: RHB Mike Bell
|
0-0: Ball 1-0: Called Strike 1-1: Swinging Strike 1-2: Ball 2-2: Strikes out swinging
|
Batting: LHB Eric Farren
|
0-0: SINGLE (Groundball, 15S, EV 70.6 MPH) (infield hit)
|
Batting: RHB Victor Arias
|
0-0: Called Strike Pickoff Throw to First - Out! 1-3 CS
|
Top of the 1st over - 0 runs, 1 hit, 0 errors, 0 left on base; Lakewood 0 - Peoria 0 |
BOTTOM OF THE 1ST |
Peoria Chiefs batting - Pitching for Lakewood BlueClaws : RHP Jamie Gordam
|
Pitching: RHP Jamie Gordam
|
|
Batting: LHB Tsutomu Miyahara
|
0-0: Ball 1-0: Ball 2-0: Called Strike 2-1: Ball 3-1: Base on Balls
|
Batting: RHB Tommy Tracy
|
0-0: Called Strike 0-1: Ball 1-1: Foul Ball, location: 2F 1-2: Ball Tsutomu Miyahara steals 2nd base (no throw) 2-2: Ball 3-2: Ground out 6-3 (Groundball, 6, EV 102.5 MPH)
|
Batting: SHB Gerardo Macias
|
0-0: Called Strike 0-1: Foul Ball, location: 2F 0-2: Strikes out swinging
|
Batting: LHB Dana McDonald
|
0-0: Called Strike 0-1: Ball Balk! Tsutomu Miyahara to third 1-1: Foul Ball, location: 2F 1-2: Ball 2-2: Foul Ball, location: 2F 2-2: Foul Ball, location: 2F 2-2: Ground out U3 (Groundball, 34, EV 81.9 MPH)
|
Bottom of the 1st over - 0 runs, 0 hits, 0 errors, 1 left on base; Lakewood 0 - Peoria 0 |
TOP OF THE 2ND |
Lakewood BlueClaws batting - Pitching for Peoria Chiefs : RHP Jose Rico
|
Batting: RHB Victor Arias
|
0-0: Called Strike 0-1: Ball 1-1: Ground out 3-1 (Groundball, 34, EV 83.1 MPH)
|
Batting: LHB Joel Moore
|
0-0: Called Strike 0-1: Swinging Strike 0-2: Ball 1-2: Ball 2-2: Ball 3-2: Strikes out swinging
|
Batting: SHB Steve DeRienzo
|
0-0: Ball 1-0: Swinging Strike 1-1: Ball 2-1: Ball 3-1: Ground out 4-3 (Groundball, 4M, EV 81.9 MPH)
|
Top of the 2nd over - 0 runs, 0 hits, 0 errors, 0 left on base; Lakewood 0 - Peoria 0 |
BOTTOM OF THE 2ND |
Peoria Chiefs batting - Pitching for Lakewood BlueClaws : RHP Jamie Gordam
|
Batting: RHB Jonathan Davis
|
0-0: Ball 1-0: Called Strike 1-1: Ball 2-1: Foul Ball, location: 2F 2-2: Ground out 3-1 (Groundball, 34, EV 81.9 MPH)
|
Batting: RHB Kalidas Mishra
|
0-0: Called Strike 0-1: Ball 1-1: Ball 2-1: DOUBLE (Flyball, 89D, EV 100.6 MPH)
|
Batting: RHB Robby Hickman
|
0-0: Ball 1-0: Swinging Strike 1-1: Ball 2-1: Called Strike 2-2: TRIPLE (Line Drive, 89XD, EV 103.8 MPH) Kalidas Mishra scores
|
Batting: RHB Josh Broome
|
0-0: Ball 1-0: Fly out, F9 (Flyball, 9D, EV 78.1 MPH) Runner from 3rd tags up, SCORES, throw by RF
|
Batting: RHB Edgar Landim
|
0-0: Ball 1-0: Ball 2-0: Ball 3-0: SINGLE (Flyball, 56D, EV 83.8 MPH)
|
Batting: LHB Tsutomu Miyahara
|
0-0: Ball 1-0: Swinging Strike 1-1: Ball 2-1: Fly out, F7 (Flyball, 7, EV 72.5 MPH)
|
Bottom of the 2nd over - 2 runs, 3 hits, 0 errors, 1 left on base; Lakewood 0 - Peoria 2 |
TOP OF THE 3RD |
Lakewood BlueClaws batting - Pitching for Peoria Chiefs : RHP Jose Rico
|
Batting: RHB Josh Baker
|
0-0: Ball 1-0: Called Strike 1-1: Swinging Strike 1-2: Strikes out swinging
|
Batting: RHB Bryan Alfaro
|
0-0: Ball 1-0: Ground out 6-3 (Groundball, 6, EV 81.2 MPH)
|
Batting: RHB Cory Bonham
|
0-0: Foul Ball, location: 2F 0-1: Swinging Strike 0-2: Ball 1-2: Strikes out looking
|
Top of the 3rd over - 0 runs, 0 hits, 0 errors, 0 left on base; Lakewood 0 - Peoria 2 |
BOTTOM OF THE 3RD |
Peoria Chiefs batting - Pitching for Lakewood BlueClaws : RHP Jamie Gordam
|
Batting: RHB Tommy Tracy
|
0-0: Called Strike 0-1: Ground out 6-3 (Groundball, 6, EV 81.2 MPH)
|
Batting: SHB Gerardo Macias
|
0-0: Foul Ball, location: 2F 0-1: Called Strike 0-2: Ball 1-2: SOLO HOME RUN (Flyball, 9LD, EV 93.8 MPH), Distance : 337 ft
|
Batting: LHB Dana McDonald
|
0-0: Foul Ball, location: 2F 0-1: Ball 1-1: Foul Ball, location: 2F 1-2: Ball 2-2: SOLO HOME RUN (Flyball, 9D, EV 100.6 MPH), Distance : 393 ft
|
Batting: RHB Jonathan Davis
|
0-0: Ball 1-0: Swinging Strike 1-1: Called Strike 1-2: Ball 2-2: Ball 3-2: DOUBLE (Line Drive, 7LS, EV 106.2 MPH)
|
Batting: RHB Kalidas Mishra
|
0-0: Called Strike 0-1: Ball 1-1: Swinging Strike 1-2: Strikes out looking
|
Batting: RHB Robby Hickman
|
0-0: Called Strike 0-1: Ball 1-1: Ground out 5-3 (Groundball, 56S, EV 90.6 MPH)
|
Bottom of the 3rd over - 2 runs, 3 hits, 0 errors, 1 left on base; Lakewood 0 - Peoria 4 |
TOP OF THE 4TH |
Lakewood BlueClaws batting - Pitching for Peoria Chiefs : RHP Jose Rico
|
Batting: LHB Matt Urbanek
|
0-0: Ground out 5-3 (Groundball, 5, EV 105.0 MPH)
|
Batting: RHB Mike Bell
|
0-0: Called Strike 0-1: Ball 1-1: Foul Ball, location: 2F 1-2: Strikes out swinging
|
Batting: LHB Eric Farren
|
0-0: Ball 1-0: Swinging Strike 1-1: Ball 2-1: DOUBLE (Line Drive, 3D, EV 109.4 MPH)
|
Batting: RHB Victor Arias
|
0-0: DOUBLE (Line Drive, 78XD, EV 100.6 MPH) Eric Farren scores
|
Batting: LHB Joel Moore
|
0-0: Called Strike 0-1: Ball 1-1: Foul Ball, location: 2F 1-2: Strikes out swinging
|
Top of the 4th over - 1 run, 2 hits, 0 errors, 1 left on base; Lakewood 1 - Peoria 4 |
BOTTOM OF THE 4TH |
Peoria Chiefs batting - Pitching for Lakewood BlueClaws : RHP Jamie Gordam
|
Batting: RHB Josh Broome
|
0-0: SINGLE (Groundball, 6S, EV 94.4 MPH)
|
Batting: RHB Edgar Landim
|
0-0: Foul Ball, location: 2F 0-1: Fly out, F8 (Flyball, 78D, EV 88.1 MPH)
|
Batting: LHB Tsutomu Miyahara
|
0-0: Fly out, F8 (Flyball, 8RD, EV 105.0 MPH)
|
Batting: RHB Tommy Tracy
|
0-0: Ball 1-0: Called Strike 1-1: Ball 2-1: Ball 3-1: Base on Balls Josh Broome to second
|
Batting: SHB Gerardo Macias
|
0-0: DOUBLE (Line Drive, 89XD, EV 104.4 MPH) Josh Broome scores Tommy Tracy to third Runner from 3rd tries for Home, SAFE, throw by CF to home
|
Pitching: RHP Alec Guglielmo
|
|
Batting: LHB Dana McDonald
|
0-0: Called Strike 0-1: Swinging Strike Balk! Gerardo Macias to third 0-2: Strikes out swinging
|
Bottom of the 4th over - 2 runs, 2 hits, 0 errors, 1 left on base; Lakewood 1 - Peoria 6 |
TOP OF THE 5TH |
Lakewood BlueClaws batting - Pitching for Peoria Chiefs : RHP Jose Rico
|
Batting: SHB Steve DeRienzo
|
0-0: Called Strike 0-1: Swinging Strike 0-2: Foul Ball, location: 2F 0-2: Ball 1-2: Ball 2-2: Ball 3-2: Base on Balls
|
Batting: RHB Josh Baker
|
0-0: Ball 1-0: Ball Steve DeRienzo is caught stealing 2nd base 2-4 2-0: Ground out 6-3 (Groundball, 6, EV 106.9 MPH)
|
Batting: RHB Bryan Alfaro
|
0-0: Ball 1-0: Ball 2-0: Foul Ball, location: 2F 2-1: Foul Ball, location: 2F 2-2: Strikes out swinging
|
Top of the 5th over - 0 runs, 0 hits, 0 errors, 0 left on base; Lakewood 1 - Peoria 6 |
BOTTOM OF THE 5TH |
Peoria Chiefs batting - Pitching for Lakewood BlueClaws : RHP Alec Guglielmo
|
Batting: RHB Jonathan Davis
|
0-0: Ball 1-0: Called Strike 1-1: Foul Ball, location: 2F 1-2: Strikes out swinging, 2-3 out at first.
|
Batting: RHB Kalidas Mishra
|
0-0: Ball 1-0: Ground out 5-3 (Groundball, 5S, EV 85.6 MPH)
|
Batting: RHB Robby Hickman
|
0-0: Foul Ball, location: 2F 0-1: Foul Ball, location: 2F 0-2: Ball 1-2: Foul Ball, location: 2F 1-2: Foul Ball, location: 2F 1-2: Foul Ball, location: 2F 1-2: Strikes out swinging
|
Bottom of the 5th over - 0 runs, 0 hits, 0 errors, 0 left on base; Lakewood 1 - Peoria 6 |
TOP OF THE 6TH |
Lakewood BlueClaws batting - Pitching for Peoria Chiefs : RHP Jose Rico
|
Batting: RHB Cory Bonham
|
0-0: Ball 1-0: Called Strike 1-1: Ball 2-1: Called Strike 2-2: Ball 3-2: Strikes out swinging
|
Batting: LHB Matt Urbanek
|
0-0: Ball 1-0: Ball 2-0: Called Strike 2-1: Foul Ball, location: 2F 2-2: Strikes out swinging
|
Batting: RHB Mike Bell
|
0-0: Ball 1-0: Called Strike 1-1: Foul Ball, location: 2F 1-2: Foul Ball, location: 2F 1-2: Ball 2-2: Strikes out looking
|
Top of the 6th over - 0 runs, 0 hits, 0 errors, 0 left on base; Lakewood 1 - Peoria 6 |
BOTTOM OF THE 6TH |
Peoria Chiefs batting - Pitching for Lakewood BlueClaws : RHP Alec Guglielmo
|
Batting: RHB Josh Broome
|
0-0: Ball 1-0: Foul Ball, location: 2F 1-1: Swinging Strike 1-2: Ball 2-2: Foul Ball, location: 2F 2-2: Fly out, F8 (Flyball, 8LD, EV 106.2 MPH)
|
Batting: RHB Edgar Landim
|
0-0: Ball 1-0: Foul Ball, location: 2F 1-1: Ball 2-1: Foul Ball, location: 2F 2-2: SINGLE (Line Drive, 7S, EV 111.9 MPH)
|
Batting: LHB Tsutomu Miyahara
|
0-0: Ball 1-0: Foul Ball, location: 2F 1-1: SINGLE (Groundball, 3S, EV 66.2 MPH) (infield hit) Edgar Landim to second
|
Batting: RHB Tommy Tracy
|
0-0: Called Strike 0-1: Called Strike 0-2: Strikes out swinging
|
Batting: SHB Gerardo Macias
|
0-0: Ball 1-0: Ball 2-0: Ball 3-0: Base on Balls Edgar Landim to third Tsutomu Miyahara to second
|
Batting: LHB Dana McDonald
|
0-0: Ball 1-0: Ground out 1-3 (Groundball, P, EV 72.5 MPH)
|
Bottom of the 6th over - 0 runs, 2 hits, 0 errors, 3 left on base; Lakewood 1 - Peoria 6 |
TOP OF THE 7TH |
Lakewood BlueClaws batting - Pitching for Peoria Chiefs : RHP Jose Rico
|
Batting: LHB Eric Farren
|
0-0: Ball 1-0: Ball 2-0: Ball 3-0: Called Strike 3-1: Foul Ball, location: 2F 3-2: Foul Ball, location: 2F 3-2: Base on Balls
|
Batting: RHB Victor Arias
|
0-0: Ball 1-0: Called Strike 1-1: Ball 2-1: Fly out, F8 (Flyball, 8LD, EV 93.1 MPH)
|
Batting: LHB Joel Moore
|
0-0: Ball 1-0: Ball 2-0: Foul Ball, location: 2F 2-1: Called Strike 2-2: Strikes out swinging
|
Batting: SHB Steve DeRienzo
|
0-0: Ball Eric Farren steals 2nd base 1-0: Called Strike 1-1: Called Strike 1-2: Foul Ball, location: 2F 1-2: Ball 2-2: Foul Ball, location: 2F 2-2: Ground out 4-3 (Groundball, 4S, EV 63.8 MPH)
|
Top of the 7th over - 0 runs, 0 hits, 0 errors, 1 left on base; Lakewood 1 - Peoria 6 |
BOTTOM OF THE 7TH |
Peoria Chiefs batting - Pitching for Lakewood BlueClaws : RHP Alec Guglielmo
|
Batting: RHB Jonathan Davis
|
0-0: Ball 1-0: SINGLE (Groundball, 6MD, EV 95.0 MPH)
|
Pitching: RHP Jeff van Schaik
|
|
Batting: RHB Kalidas Mishra
|
0-0: Foul Ball, location: 2F 0-1: Ball 1-1: Ball 2-1: Swinging Strike 2-2: Foul Ball, location: 2F 2-2: Strikes out swinging
|
Batting: RHB Robby Hickman
|
0-0: Ball 1-0: Called Strike 1-1: Foul Ball, location: 2F 1-2: Ball 2-2: Fly out, F7 (Flyball, 7D, EV 101.2 MPH)
|
Batting: RHB Josh Broome
|
0-0: Ground out 4-3 (Groundball, 4, EV 87.5 MPH)
|
Bottom of the 7th over - 0 runs, 1 hit, 0 errors, 1 left on base; Lakewood 1 - Peoria 6 |
TOP OF THE 8TH |
Lakewood BlueClaws batting - Pitching for Peoria Chiefs : RHP Jose Rico
|
Batting: RHB Josh Baker
|
0-0: Called Strike 0-1: Ground out 4-3 (Groundball, 4S, EV 86.9 MPH)
|
Batting: RHB Bryan Alfaro
|
0-0: Ball 1-0: Foul Ball, location: 2F 1-1: Ball 2-1: Ground out 6-3 (Groundball, 6, EV 101.9 MPH)
|
Batting: RHB Cory Bonham
|
0-0: Ball 1-0: Ball 2-0: Foul Ball, location: 2F 2-1: Foul Ball, location: 2F 2-2: Ground out 5-3 (Groundball, 56S, EV 94.4 MPH)
|
Top of the 8th over - 0 runs, 0 hits, 0 errors, 0 left on base; Lakewood 1 - Peoria 6 |
BOTTOM OF THE 8TH |
Peoria Chiefs batting - Pitching for Lakewood BlueClaws : RHP Jeff van Schaik
|
Batting: RHB Edgar Landim
|
0-0: Ball 1-0: Ground out 4-3 (Groundball, 4, EV 100.0 MPH)
|
Batting: LHB Tsutomu Miyahara
|
0-0: Ball 1-0: Ball 2-0: Ball 3-0: Base on Balls
|
Batting: RHB Tommy Tracy
|
|
DELAY
|
Rain delay of 65 minutes in the 8th inning.
|
Pitching: RHP Andrew Giles
|
0-0: Foul Ball, location: 2F 0-1: SINGLE (Groundball, 6D, EV 101.9 MPH) Tsutomu Miyahara to second
|
Batting: SHB Gerardo Macias
|
0-0: Ball 1-0: Ball 2-0: Ball 3-0: Base on Balls Tsutomu Miyahara to third Tommy Tracy to second
|
Batting: LHB Dana McDonald
|
0-0: Called Strike 0-1: Swinging Strike 0-2: Foul Ball, location: 2F 0-2: Strikes out swinging
|
Batting: RHB Jonathan Davis
|
0-0: Ball 1-0: Ball 2-0: Called Strike 2-1: Swinging Strike 2-2: Ball 3-2: Strikes out swinging
|
Bottom of the 8th over - 0 runs, 1 hit, 0 errors, 3 left on base; Lakewood 1 - Peoria 6 |
TOP OF THE 9TH |
Lakewood BlueClaws batting - Pitching for Peoria Chiefs : RHP Jose Rico
|
Pitching: LHP Vince Zujovic
|
|
Batting: LHB Matt Urbanek
|
0-0: Called Strike 0-1: Foul Ball, location: 2F 0-2: Ball 1-2: Strikes out looking
|
Batting: RHB Mike Bell
|
0-0: Hit by Pitch
|
Batting: LHB Eric Farren
|
0-0: Ball 1-0: Foul Ball, location: 2F 1-1: Foul Ball, location: 2F 1-2: Strikes out swinging
|
Pitching: RHP T.J. Stahlman
|
|
Batting: RHB Victor Arias
|
0-0: Fly out, F9 (Flyball, 9D, EV 89.4 MPH)
|
Top of the 9th over - 0 runs, 0 hits, 0 errors, 1 left on base; Lakewood 1 - Peoria 6 |
|